 Dungeon Crawl Stone Soup version 0.29.1-2-gbd0b4ee654 (webtiles) character file.

Game seed: 16488334976173456634

870 GeoRichter the Skirmisher (level 7, -3/50 HPs)
             Began as a Demonspawn Hunter on Nov 9, 2022.
             Was a Priest of Trog.
             Slain by a gnoll
             ... wielding a +0 flail
             ... led by a gnoll bouda
              (7 damage)
             ... on level 4 of the Dungeon.
             The game lasted 00:07:49 (5405 turns).

GeoRichter the Skirmisher (Demonspawn Hunter)       Turns: 5405, Time: 00:07:49

Health: -3/50      AC:  7    Str: 12    XL:     7   Next: 73%
Magic:  7/7        EV: 11    Int: 10    God:    Trog [***...]
Gold:   267        SH:  0    Dex: 20    Spells: 6/6 levels left

rFire   . . .      SeeInvis .   b - +1 dagger (freeze)
rCold   . . .      Faith    .   (no shield)
rNeg    . . .      Spirit   .   B - +0 ring mail
rPois   .          Reflect  .   (helmet restricted)
rElec   .          Harm     .   e - +0 cloak
rCorr   .          Rampage  .   (no gloves)
Will    +....                   i - +0 pair of boots
Stlth   ++........              (no amulet)
HPRegen 0.16/turn               q - ring of willpower
MPRegen 0.10/turn               (no ring)

@: no status effects
A: horns 2, thin skeletal structure 1, demonic magic 1
a: Renounce Religion, Berserk, Trog's Hand


You were on level 4 of the Dungeon.
You worshipped Trog.
Trog was most pleased with you.
You visited 1 branch of the dungeon, and saw 5 of its levels.

You collected 267 gold pieces.

Inventory:

Hand Weapons
 a - a +0 shortbow
 b - a +1 dagger of freezing (weapon)
   (You took it off a goblin on level 1 of the Dungeon)
Missiles
 v - a throwing net {!f}
Armour
 c - a +0 leather armour
 e - a +0 cloak (worn)
   (You found it on level 1 of the Dungeon)
 i - a +0 pair of boots (worn)
   (You found it on level 1 of the Dungeon)
 B - a +0 ring mail (worn)
   (You found it on level 4 of the Dungeon)
Jewellery
 f - a ring of fire
   (You found it on level 1 of the Dungeon)
 q - a ring of willpower (left hand)
   (You found it on level 3 of the Dungeon)
 D - an amulet of faith {!P}
   (You found it on level 5 of the Dungeon)
Wands
 x - a wand of charming (8)
   (You found it on level 4 of the Dungeon)
Scrolls
 d - a scroll of immolation {!r}
 g - 3 scrolls of teleportation {unknown}
 j - 3 scrolls of fog {unknown}
 k - a scroll of silence {unknown}
 l - 5 scrolls of identify {unknown}
 m - a scroll of amnesia {unknown}
 n - a scroll of brand weapon {unknown}
 p - 2 scrolls of enchant armour {unknown}
 r - a scroll of torment {unknown}
 t - a scroll of fear {unknown}
 y - a scroll of magic mapping {unknown}
Potions
 h - 2 potions of berserk rage {unknown}
 o - a potion of attraction {unknown}
 s - a potion of might {unknown}
 u - a potion of magic {unknown}
 w - a potion of mutation {unknown}
 z - a potion of flight {unknown}
 A - 2 potions of cancellation {unknown}
 C - a potion of curing {unknown}


   Skills:
 - Level 2.0 Fighting
 * Level 8.9 Ranged Weapons
 - Level 1.7 Dodging
 - Level 0.8 Stealth


You had 6 spell levels left.
You didn't know any spells.
Your spell library contained the following spells:

 Spells                   Type           Power      Damage    Failure   Level
 Blink                    Tloc           0%         N/A       78%         2
 Manifold Assault         Tloc           0%         N/A       100%        5
 Storm Form               Tmut/Air       0%         N/A       100%        7


Dungeon Overview and Level Annotations

Branches:
Dungeon (5/15) Zot: 24482
 Temple: D:4-7

Altars:
Ashenzari
Cheibriados
Okawaru
Qazlal
Trog


Innate Abilities, Weirdness & Mutations

You have a pair of horns on your head.
You have a somewhat thin skeletal structure. (Dex +2, Stealth+)
Spells you cast may paralyse adjacent enemies.


Message History

The gnoll throws a stone.
The stone hits you.
You shoot an arrow. The arrow hits the gnoll.
The gnoll hits you but does no damage. The gnoll closely misses you.
Your attacks no longer feel as feeble.
The gnoll hits you with a +0 flail! The gnoll attacks as you move away!
The gnoll barely misses you.
The gnoll hits you from afar with a +0 spear!
The gnoll hits you but does no damage.
There is an open door here.
The gnoll attacks as you move away! The gnoll barely misses you.
The gnoll attacks as you move away! The gnoll barely misses you.
The gnoll is no longer moving quickly.
The gnoll hits you with a +0 flail.
The gnoll is no longer moving quickly.
The gnoll attacks as you move away! The gnoll hits you with a +0 flail.
The gnoll is no longer moving quickly.
The gnoll attacks as you move away! The gnoll hits you with a +0 flail.
The gnoll attacks as you move away! The gnoll hits you but does no damage.
The gnoll attacks as you move away! The gnoll hits you with a +0 flail.
* * * LOW HITPOINT WARNING * * *
An adder comes into view.
The gnoll attacks as you move away! The gnoll barely misses you.
Really attack while wielding your +0 shortbow? [Y]es or [N]o only, please.
Really attack while wielding your +0 shortbow? [Y]es or [N]o only, please.
Really attack while wielding your +0 shortbow? [Y]es or [N]o only, please.
Really attack while wielding your +0 shortbow?
Okay, then.
The gnoll throws a stone.
The stone closely misses you. The gnoll attacks as you move away!
The gnoll hits you but does no damage. The gnoll attacks as you move away!
The gnoll hits you with a +0 flail.
* * * LOW HITPOINT WARNING * * *
The gnoll attacks as you move away! The gnoll hits you with a +0 flail.
* * * LOW HITPOINT WARNING * * *
The gnoll attacks as you move away! The gnoll hits you with a +0 flail!
* * * LOW HITPOINT WARNING * * *
There is a stone staircase leading up here.
The gnoll closely misses you.
You climb upwards.
There is a stone staircase leading down here.
Your +1 dagger of freezing glows with a cold blue light!
b - a +1 dagger of freezing (weapon)
The gnoll hits you with a +0 flail!
* * * LOW HITPOINT WARNING * * *
You hit the gnoll but do no damage. The gnoll barely misses you.
You barely miss the gnoll. The gnoll hits you but does no damage.
You closely miss the gnoll. The gnoll hits you but does no damage.
You hit the gnoll but do no damage. The gnoll hits you with a +0 flail!
You die...

...#########................#
...........<......#########.#
................#.#.....# #.#
...#########...##.#####.# #.#
###.............#.#####.###.#
......#.......#.#.........#.#
#.....#......##.).........#.#
##....#.....##...###......#.#
.##...#....##..g@# #......#.#
..##..#...##.....#
#......#.#####
...##.#..##......#
######.#......
....######.......# #.#..####
....#...#........# #.#..#
#####._.#######>.# ###.^#
....#...†........##########..#
...######........#...........#
..##..#.##.......#.########.##


You could see a gnoll.

Vanquished Creatures
  2 ice beasts (D:5)
  A sky beast (D:4)
  A centaur (D:5)
  2 scorpions (D:5)
  A howler monkey (D:5)
  An orc priest (D:5)
  A gnoll bouda (D:5)
  2 orc wizards
  7 gnolls
  8 adders
  An ufetubus (D:5)
  2 worms
  2 dart slugs
  9 orcs
  11 ball pythons
  5 endoplasms
  A giant cockroach (D:4)
  9 goblins
  8 hobgoblins
  7 jackals
  7 kobolds
  3 quokkas
  3 bats
  2 frilled lizards
  5 rats
101 creatures vanquished.

Notes
Turn   | Place    | Note
-------+----------+-------------------------------------------
     0 | D:1      | GeoRichter the Demonspawn Hunter began the quest for the
                  | Orb.
     0 | D:1      | Reached XP level 1. HP: 16/16 MP: 1/1
   251 | D:1      | Reached skill level 4 in Ranged Weapons
   304 | D:1      | Gained mutation: You have a pair of small horns on your
                  | head. [demonic ancestry]
   304 | D:1      | Reached XP level 2. HP: 22/22 MP: 2/2
   454 | D:1      | Found a faded altar of an unknown god.
   470 | D:1      | Prayed at the altar of an unknown god.
   470 | D:1      | Became a worshipper of Trog the Wrathful
   470 | D:1      | Reached * piety under Trog
   924 | D:2      | Gained mutation: Spells you cast may paralyse adjacent
                  | enemies. [demonic ancestry]
   924 | D:2      | Reached XP level 3. HP: 19/27 MP: 3/3
  1166 | D:2      | Found a snail-covered altar of Cheibriados.
  1364 | D:2      | Reached skill level 5 in Ranged Weapons
  1367 | D:2      | Gained mutation: You have a pair of horns on your head.
                  | [demonic ancestry]
  1367 | D:2      | Reached XP level 4. HP: 13/33 MP: 4/4
  1732 | D:2      | Reached ** piety under Trog
  2103 | D:3      | Found a stormy altar of Qazlal.
  2130 | D:3      | Gained mutation: You have a somewhat thin skeletal
                  | structure. (Dex +2, Stealth+) [demonic ancestry]
  2130 | D:3      | Reached XP level 5. HP: 38/38 MP: 5/5
  2482 | D:4      | Found an iron altar of Okawaru.
  2520 | D:4      | Reached skill level 6 in Ranged Weapons
  3067 | D:4      | Found a broken altar of Ashenzari.
  3673 | D:4      | Noticed a sky beast
  3689 | D:4      | Killed a sky beast
  3690 | D:4      | Reached XP level 6. HP: 12/44 MP: 6/6
  4097 | D:5      | Entered Level 5 of the Dungeon
  4159 | D:5      | Reached skill level 7 in Ranged Weapons
  4486 | D:5      | Noticed an ice beast
  4512 | D:5      | Killed an ice beast
  4538 | D:5      | Noticed an ice beast
  4546 | D:5      | Killed an ice beast
  4547 | D:5      | Reached XP level 7. HP: 50/50 MP: 7/7
  4567 | D:5      | Reached skill level 8 in Ranged Weapons
  5051 | D:5      | Reached *** piety under Trog
  5405 | D:4      | Slain by a gnoll

Illustrated notes

Levels and vault maps discovered:
D:1:      lemuel_arrival_river_bridge, layout_basic,
          hellmonk_ecumenical_altar_run_dry
D:2:      layout_loops_cross, basic_altar, st_stairs_5
D:3:      layout_rooms, lemuel_crystal_altar
D:4:      layout_basic, lemuel_crystal_altar, nicolae_ashenzari_panopticon
D:5:      layout_gridville, fedhas_altar_4

Skill      XL: |  1  2  3  4  5  6  7 |
---------------+----------------------+-----
Ranged Weapons | 4 5 6 7 8 |  8.9
Fighting       | |  2.0
Dodging        | |  1.7
Stealth        | |  0.8

Action                   |  1- 3 |  4- 6 |  7- 9 || total
-------------------------+-------+-------+-------++-------
Melee: Dagger            |    16 |    33 |    27 ||    76
       Headbutt          |     2 |     4 |     4 ||    10
       Punch             |       |     1 |       ||     1
 Fire: Shortbow          |    83 |   130 |    50 ||   263
Invok: Berserk           |     2 |     3 |     1 ||     6
Armor: Leather armour    |    11 |    18 |       ||    29
       Ring mail         |       |    11 |    35 ||    46
Dodge: Dodged            |    27 |    48 |    45 ||   120
